 BcadrenCrawl: Boulder Brew version 0.06-688-g08e91b2d95 (webtiles) character file.

Game seed: 9252642314390342798

4 Leeroy the Dualist (level 1, -1/29 HPs) Immature Draconian Priest. Began on Feb 2, 2023. Was a Believer of Bahamut & Tiamat. Slain by a hobgoblin ... wielding a +0 club (6 damage) ... on level 1 of the Dungeon. The game lasted 00:00:25 (40 turns).

Leeroy the Dualist (Immature Draconian Priest)        Turns: 40, Time: 00:00:26

Health: -1/29      AC:  5    Str: 12    XL:     1 ^: 6
Magic:  3/3        EV: 12    Int: 10    God:    Bahamut & Tiamat [2* [52]]
Gold:   0          SH:  0    Dex: 14    Spells: 0/0 levels left

rFire    . . .     Slash    +     - Unarmed
rCold    . . .     Pierce   x     - Unarmed
rNeg     . . .     Bludgeon .   (armour unavailable)
rCorr    . . .     Vision   .   (helmet restricted)
rPois    .         Gourm    .   (no cloak)
rElec    .         Faith    .   (no gloves)
MR       .....     Spirit   .   (no boots)
HPRegen  0.19/turn Reflect  .   (no amulet)
MPRegen  0.13/turn Harm     .   (no ring)
Stlth    ++........             (no ring)

@: no status effects
A: deformed body 2, cold-blooded, draconic flesh, AC +5
a: Breathe Dart, Choose Bahamut's Protection, Choose Tiamat's Retribution,
Choose Bahamut's Refined Breath, Choose Tiamat's Adaptive Breath, Renounce
Religion


You were on level 1 of the Dungeon.
You worshipped Bahamut & Tiamat.
Bahamut & Tiamat was pleased with you.
You were not hungry.

You visited 1 branch of the dungeon, and saw 1 of its levels.
You also visited: Temple.

Inventory:

Comestibles
 a - a ration


   Skills:
 - Level 1.5 Dodging
 - Level 1.4 Stealth
 - Level 2.6 Unarmed Combat
 * Level 4.2 Invocations


You couldn't memorise any spells.
You didn't know any spells.
Your spell library was empty.

Dungeon Overview and Level Annotations

Branches:
Dungeon (1/8)

Altars:


Innate Abilities, Weirdness & Mutations

Your plain brown scales are resilient. (AC +5)
You can breathe rudimentary magical darts.
You cannot wear any armour on your peculiar form.
You are cold-blooded and are slowed more easily by cold attacks.
Your scales resist being cut, but it's oddly easy to stick a small blade between them. (rSlashing+, rPiercing-)


Message History

You hit the hobgoblin (1). x2
The hobgoblin is severely wounded. (2/5) HP The hobgoblin hits you with a +0 club (2).
You hit the hobgoblin (1). x2
You kill the hobgoblin!
Bahamut approves of your kill.
The hobgoblin hits you with a +0 club (3).
* * * LOW HITPOINT WARNING * * *
You hit the hobgoblin but do no damage. x2
The hobgoblin is healthy. (6/6) HP You barely miss the hobgoblin.
You hit the hobgoblin but do no damage.
The hobgoblin is healthy. (6/6) HP The hobgoblin hits you with a +0 club (3).
* * * LOW HITPOINT WARNING * * *
You hit the hobgoblin (2). You hit the hobgoblin but do no damage.
The hobgoblin is moderately wounded. (4/6) HP You hit the hobgoblin but do no damage.
You hit the hobgoblin (1).
The hobgoblin is heavily wounded. (3/6) HP The hobgoblin hits you with a +0 club (6).
You die...

#..≈≈§≈≈≈
##########..≈≈§≈≈§≈
#......≈##...≈≈§§§§
.......>.#..≈§≈§≈≈§
#.....≈≈.#..≈§§§≈≈§≈
#.....)).#.§§≈≈§≈§§≈
#.....g@.#..§§§§≈§§§
#.......†......§≈≈§≈
#........[#........≈
..................?.
#.......####........
######### #<.......
#########


You could see a hobgoblin.

Vanquished Creatures
  A bat (D:1)
  2 hobgoblins (D:1)
3 creatures vanquished.

Notes
Turn   | Place    | Note
-------+----------+-------------------------------------------
     0 | Start Te | Leeroy the Immature Draconian Priest began the quest for
                  | the Orb.
     0 | Start Te | Reached XP level 1. HP: 29/29 MP: 3/3
     0 | Start Te | Found a sparkling altar of Nemelex Xobeh.
     1 | Start Te | Found a basalt altar of Yredelemnul.
     1 | Start Te | Found a white marble altar of Elyvilon.
     2 | Start Te | Found an iron altar of Okawaru.
     3 | Start Te | Found a glowing silver altar of Zin.
     3 | Start Te | Found a blossoming altar of Fedhas.
     4 | Start Te | Found a stormy altar of Qazlal.
     5 | Start Te | Found a glowing golden altar of the Shining One.
     5 | Start Te | Found an opulent altar of Gozag.
     6 | Start Te | Found a sacrificial altar of Ru.
     7 | Start Te | Found an ornate altar of Bahamut and Tiamat.
     7 | Start Te | Found a hazy altar of Hepliaklqana.
    15 | Start Te | Became a worshipper of Bahamut & Tiamat
    15 | Start Te | Reached * piety under Bahamut & Tiamat
    15 | Start Te | Reached ** piety under Bahamut & Tiamat
    40 | D:1      | Slain by a hobgoblin

Illustrated notes

Levels and vault maps discovered:
D:1:      dpeg_arrival_lava_altar, layout_basic, cheibrodos_sewer_entry_bend

Action                   || total
-------------------------++-------
Melee: Unarmed           ||    25
Armor: Skin              ||     1
